 Dungeon Sprint DCSS version 0.19.1-1-g22dce08 (webtiles) character file.

994 Slime the Scorcher (level 7, -5/36 HPs)
             Began as a Deep Elf Fire Elementalist on Jan 1, 2017.
             Was a Priest of Sif Muna.
             Killed by an exploding ballistomycete spore (20 damage)
             ... in the Dungeon (Sprint I: "Red Sonja").
             The game lasted 00:04:23 (542 turns).

Slime the Scorcher (Deep Elf Fire Elementalist)      Turns: 542, Time: 00:04:24

Health: -5/36      AC:  2    Str:  5    XL:     7   Next: 99%
Magic:  22/22      EV: 13    Int: 22    God:    Sif Muna [***...]
Gold:   256        SH:  0    Dex: 15    Spells: 6 memorised, 7 levels left

rFire  + . .     SeeInvis .     k - +8 blowgun
rCold  x . .     Gourm    .     a - +0 robe
rNeg   . . .     Faith    .     (no shield)
rPois  .         Spirit   .     (no helmet)
rElec  .         Reflect  .     (no cloak)
rCorr  .         Harm     .     (no gloves)
MR     .....     NoTele   +     (no boots)
Stlth  +.........               (no amulet)
                                (no ring)
                                o - ring of fire

@: confused
A: no striking features
a: Divine Energy, Channel Magic, Renounce Religion


You were in the Dungeon.
You worshipped Sif Muna.
Sif Muna was most pleased with you.
You were not hungry.

You visited 1 branch You collected 405 gold pieces.
You spent 149 gold pieces at shops.

Inventory:

Hand Weapons
 k - a +8 blowgun (weapon)
 l - a +2 dagger of venom
Missiles
 m - 5 curare-tipped needles (quivered)
Armour
 a - a +0 robe (worn)
Jewellery
 o - a ring of fire (left hand)
Wands
 d - a wand of iceblast (10/15)
Scrolls
 i - a scroll of blinking
 j - a scroll of enchant armour {unknown}
 n - a scroll of identify
Potions
 e - a potion of heal wounds
 f - a potion of haste
 g - a potion of magic
 h - a potion of berserk rage
Books
 b - a book of Flames

   Spells                             Type                      Level
   a - Flame Tongue                   Conjuration/Fire             1
   b - Throw Flame                    Conjuration/Fire             2
   c - Conjure Flame                  Conjuration/Fire             3
   d - Inner Flame                    Hexes/Fire                   3
   e - Sticky Flame                   Conjuration/Fire             4
   f - Fireball                       Conjuration/Fire             5
Comestibles
 c - a bread ration


   Skills:
 - Level 2.4 Dodging
 - Level 2.4 Stealth
 - Level 9.6 Spellcasting
 - Level 1.1 Conjurations
 + Level 16.5 Fire Magic


You had 7 spell levels left.
You knew the following spells:

 Your Spells              Type           Power        Failure   Level  Hunger
a - Flame Tongue          Conj/Fire      #####        1%          1    None
b - Throw Flame           Conj/Fire      ######       1%          2    None
c - Sticky Flame          Conj/Fire      ######..     1%          4    ##.....
d - Conjure Flame         Conj/Fire      ######..     1%          3    None
e - Fireball              Conj/Fire      ######....   6%          5    ####...
f - Inner Flame           Hex/Fire       ######..     1%          3    None


Dungeon Overview and Level Annotations

Branches:
Dungeon (1/1)

Altars:
Cheibriados
Dithmenos
Elyvilon
Fedhas
Gozag
Hepliaklqana
Kikubaaqudgha
Nemelex Xobeh
Okawaru
Qazlal
Ru
Sif Muna
Trog
Uskayaw
Vehumet
Yredelemnul
Zin
The Shining One

Shops:
D ?*


Message History

Okay, then.
There is an open door here.
There is an open door here.
You see here the kobold skeleton of Sonja.
You open the door. 2 ballistomycete spores come into view.
Found five items.
The ballistomycete spore waves its rhizomes.
The ballistomycete spore explodes!
The explosion of spores engulfs you!
You are confused.
Ouch! That really hurt!
A fungus suddenly grows.
The explosion of spores engulfs the ballistomycete spore.
The ballistomycete spore explodes!
The explosion of spores engulfs the ballistomycete.
The explosion of spores engulfs you!
You are more confused.
Ouch! That really hurt!
You die...

#..#_____##'#..+
#⌠⌠#_.∩...'..._#
####_..__##_.#+#
#_____###÷#
############.##
#∩(.......'...+
###++++####...#
##.## #@#
#$!P!$# #$//?$#
#######


There were no monsters in sight!

Vanquished Creatures
  Sonja (D)
  Sigmund (D)
  A yak (D)
  An ogre (D)
  A jelly (D)
  Ijyb (D)
6 creatures vanquished.

Notes
Turn   | Place    | Note
-------+----------+-------------------------------------------
     0 | D        | Slime the Deep Elf Fire Elementalist began the quest for the Orb.
     0 | D        | Reached XP level 1. HP: 10/10 MP: 6/6
     2 | D        | Noticed Ijyb
    12 | D        | Killed Ijyb
    12 | D        | Reached skill level 7 in Fire Magic
    12 | D        | Reached XP level 2. HP: 14/15 MP: 4/8
    16 | D        | Learned a level 2 spell: Throw Flame
    57 | D        | Noticed an ogre
    60 | D        | Killed an ogre
    60 | D        | Reached XP level 3. HP: 19/19 MP: 5/16
    60 | D        | Reached XP level 4. HP: 24/24 MP: 5/17
    66 | D        | Learned a level 4 spell: Sticky Flame
    70 | D        | Learned a level 3 spell: Conjure Flame
   144 | D        | Noticed Sigmund
   150 | D        | Killed Sigmund
   150 | D        | Reached skill level 11 in Fire Magic
   150 | D        | Reached XP level 5. HP: 23/28 MP: 12/19
   150 | D        | Reached XP level 6. HP: 26/32 MP: 12/20
   157 | D        | Learned a level 5 spell: Fireball
   161 | D        | Learned a level 3 spell: Inner Flame
   236 | D        | Found a deep blue altar of Sif Muna.
   238 | D        | Found a radiant altar of Vehumet.
   243 | D        | Reached skill level 12 in Fire Magic
   250 | D        | Became a worshipper of Sif Muna the Loreminder
   270 | D        | Found Lifoed's Assorted Antiques.
   270 | D        | Found an ancient bone altar of Kikubaaqudgha.
   270 | D        | Found a hazy altar of Hepliaklqana.
   270 | D        | Found a stormy altar of Qazlal.
   270 | D        | Found a hide-covered altar of Uskayaw.
   270 | D        | Found a blossoming altar of Fedhas.
   270 | D        | Found a bloodstained altar of Trog.
   270 | D        | Found an iron altar of Okawaru.
   270 | D        | Found a basalt altar of Yredelemnul.
   270 | D        | Found a glowing golden altar of the Shining One.
   270 | D        | Found a snail-covered altar of Cheibriados.
   270 | D        | Found a sacrificial altar of Ru.
   270 | D        | Found a glowing silver altar of Zin.
   270 | D        | Found a shadowy altar of Dithmenos.
   270 | D        | Found a white marble altar of Elyvilon.
   270 | D        | Noticed a yak
   276 | D        | Killed a yak
   276 | D        | Reached * piety under Sif Muna
   276 | D        | Reached skill level 13 in Fire Magic
   305 | D        | Found an opulent altar of Gozag.
   306 | D        | Found a sparkling altar of Nemelex Xobeh.
   317 | D        | Noticed Sonja
   322 | D        | Killed Sonja
   322 | D        | Reached ** piety under Sif Muna
   322 | D        | Reached *** piety under Sif Muna
   322 | D        | Reached skill level 16 in Fire Magic
   322 | D        | Reached XP level 7. HP: 8/36 MP: 17/22
   498 | D        | Found Citin's Magic Scroll Boutique.
   506 | D        | Bought a scroll of identify for 22 gold pieces
   506 | D        | Bought a scroll of identify for 22 gold pieces
   527 | D        | Bought a scratched moonstone ring for 105 gold pieces
   542 | D        | Killed by an exploding ballistomycete spore

Skill      XL: |  1  2  3  4  5  6 |
---------------+-------------------+-----
Fire Magic     | 7 11 16 | 16.5
Spellcasting   | 9 |  9.6
Dodging        | |  2.4
Stealth        | |  2.4
Conjurations   | |  1.1

Action                   |  1- 3 |  4- 6 |  7- 9 || total
-------------------------+-------+-------+-------++-------
Melee: Unarmed           |       |     2 |       ||     2
 Cast: Flame Tongue      |    10 |    14 |     1 ||    25
       Sticky Flame      |       |     1 |       ||     1
       Conjure Flame     |       |     1 |       ||     1
  Use: Potion            |     1 |       |     1 ||     2
       Scroll            |       |       |     1 ||     1
Dodge: Dodged            |     7 |     3 |       ||    10
